 Dungeon Crawl Stone Soup version 0.22-a0-247-gbddf880757 (webtiles) character file.

14 Execuda the Caller (level 2, -2/15 HPs)
             Began as a Deep Elf Summoner on Feb 26, 2018.
             Slain by an adder (5 damage)
             ... on level 2 of the Dungeon.
             The game lasted 00:02:10 (987 turns).

Execuda the Caller (Deep Elf Summoner)               Turns: 987, Time: 00:02:11

Health: -2/15      AC:  2    Str:  5    XL:     2   Next: 31%
Magic:  6/8        EV: 13    Int: 19    God:
Gold:   52         SH:  0    Dex: 15    Spells: 6/7 levels left

rFire    . . .     SeeInvis .   (no weapon)
rCold    . . .     Gourm    .   (no shield)
rNeg     . . .     Faith    .   a - +0 robe
rPois    .         Spirit   .   (no helmet)
rElec    .         Reflect  .   (no cloak)
rCorr    .         Harm     .   (no gloves)
MR       .....                  (no boots)
Stlth    ++........             (no amulet)
HPRegen  0.05/turn              (no ring)
MPRegen  0.11/turn              (no ring)

@: no status effects
A: no striking features
a: no special abilities


You were on level 2 of the Dungeon.
You were not hungry.

You visited 1 branch of the dungeon, and saw 2 of its levels.

You collected 52 gold pieces.

Inventory:

Armour
 a - a +0 robe (worn)
 e - a +0 cloak
Scrolls
 f - a scroll of immolation {unknown}
 g - a scroll of magic mapping {unknown}
 j - a scroll of identify {unknown}
Potions
 c - a potion of invisibility {unknown}
 d - a potion of heal wounds {unknown}
 h - a potion of mutation {unknown}
 i - a potion of degeneration {unknown}
 k - a potion of might {unknown}
Comestibles
 b - 2 rations


   Skills:
 - Level 2.4 Dodging
 - Level 2.4 Stealth
 + Level 3.4 Spellcasting
 * Level 4.9 Summonings


You had 6 spell levels left.
You knew the following spells:

 Your Spells              Type           Power        Failure   Level  Hunger
a - Summon Small Mammal   Summ           ###.         1%          1    None


Dungeon Overview and Level Annotations

Branches:
Dungeon (2/15)

Altars:


Message History

Confirm with . or Enter, or press ? or * to list all spells.
Your quokka completely misses the adder.
Casting: Summon Small Mammal (safe; 1% risk of failure)
Confirm with . or Enter, or press ? or * to list all spells.
You feel sick. The adder barely misses you.
Your quokka misses the adder. The adder bites you.
* * * LOW HITPOINT WARNING * * *
Your quokka misses the adder.
Your quokka bites the adder.
Your quokka closely misses the adder.
You hit the adder.
The adder is almost dead.
The adder closely misses you.
Your quokka closely misses the adder.
You hit the adder but do no damage.
The adder is almost dead.
You feel sick.
You are no longer poisoned.
The adder barely misses you.
Your rat barely misses the adder.
Your quokka completely misses the adder.
The adder bites you.
You die...

####### #.....#
######## #...<.####
#.@....#
#........###.S....#
.......####..##rr....#
....... ##.##...>[.###
....... #.##........#
....... #..####.###.#
....... ##...##.# #
....(... ###.##.# ..)#
#....#


You could see an adder, a friendly quokka and a friendly rat.

Vanquished Creatures
  An adder skeleton (D:2)
  A giant cockroach (D:1)
  2 frilled lizards
4 creatures vanquished.

Vanquished Creatures (collateral kills)
  2 dart slugs
  A leopard gecko (D:1)
  2 hobgoblins
  A frilled lizard (D:1)
  2 goblins (D:1)
  4 rats (D:1)
12 creatures vanquished.

Grand Total: 16 creatures vanquished

Notes
Turn   | Place    | Note
-------+----------+-------------------------------------------
     0 | D:1      | Execuda the Deep Elf Summoner began the quest for the Orb.
     0 | D:1      | Reached XP level 1. HP: 10/10 MP: 6/6
   509 | D:1      | Reached XP level 2. HP: 15/15 MP: 8/8
   987 | D:2      | Slain by an adder

Vault maps used:
D:1:      minmay_arrival_up_and_down

Action                   || total
-------------------------++-------
Melee: Unarmed           ||    36
 Cast: Summon Small Mamm ||    25
Armor: Robe              ||     9
Dodge: Dodged            ||    25

Table legend:
 A = Spawn XP
 B = Non-spawn XP
 C = Spawn XP percentage of total XP
 D = Spawn monster count
 E = Non-spawn monster count
 F = Spawn count percentage of total count
 G = Total turns spent on level
                    A         B        C        D         E        F      G
               +---------+---------+-------+---------+---------+-------+---------
         Total |       0 |      21 |   0.0 |       0 |      16 |   0.0 |   987
               +---------+---------+-------+---------+---------+-------+---------
           D:1 |       0 |      14 |   0.0 |       0 |      12 |   0.0 |   690
           D:2 |       0 |       7 |   0.0 |       0 |       4 |   0.0 |   297
               +---------+---------+-------+---------+---------+-------+---------
